 Dungeon Crawl Stone Soup version 0.31-a0-845-g9abc20d24f (webtiles) character file.

Game seed: 1028279397439446092

106 BinkBink the Shooter (level 4, 0/27 HPs)
             Began as a Deep Elf Hunter on Oct 3, 2023.
             Slain by an orc
             ... wielding a +0 club
              (2 damage)
             ... on level 2 of the Dungeon.
             The game lasted 00:03:42 (1449 turns).

BinkBink the Shooter (Deep Elf Hunter)              Turns: 1449, Time: 00:03:42

Health: 0/27       AC:  3    Str:  5 (8)  XL:     4   Next: 55%
Magic:  6/6        EV: 13    Int: 12 (14) God:
Gold:   104        SH:  0    Dex: 17 (20) Spells: 1/3 levels left

rFire   . . .        a - +0 shortbow
rCold   + . .        (shield currently unavailable)
rNeg    . . .        c - +0 robe
rPois   .            m - +0 helmet
rElec   .            (no cloak)
rCorr   .            (no gloves)
SInv    .            (no boots)
Will    .....        (no amulet)
Stlth   ++           i - ring of protection from cold
HPRegen 0.24/turn    (no ring)
MPRegen 0.10/turn

%: no passive effects
@: no status effects
A: no striking features
a: no special abilities


You were on level 2 of the Dungeon.
You visited 1 branch of the dungeon, and saw 3 of its levels.

You collected 104 gold pieces.

Inventory:

Hand Weapons
 a - a +0 shortbow (weapon)
Armour
 c - a +0 robe (worn)
 m - a +0 helmet (worn)
Jewellery
 g - a ring of fire
 i - a ring of protection from cold (left hand)
Scrolls
 d - 2 scrolls of identify {unknown}
 e - 2 scrolls of teleportation {unknown}
 j - a scroll of poison {unknown}
 k - a scroll of noise {unknown}
 l - a scroll of enchant armour {unknown}
Potions
 h - a potion of degeneration


   Skills:
 + Level 2.3 Fighting
 * Level 6.7 Ranged Weapons
 + Level 3.5 Dodging
 - Level 1.2 Stealth
 + Level 0.3 Spellcasting
 + Level 0.1 Transmutations


You had one spell level left.
You knew the following spells:

 Your Spells              Type           Power      Damage    Failure   Level
a - Wereblood             Tmut           0%         N/A       41%         2

Your spell library contained the following spells:

 Spells                   Type           Power      Damage    Failure   Level
 Apportation              Tloc           0%         N/A       32%         1
 Necrotise                Necr           0%         1d4       32%         1
 Summon Small Mammal      Summ           0%         N/A       32%         1
 Lesser Beckoning         Tloc           0%         N/A       43%         2
 Gell's Gravitas          Tloc           0%         N/A       67%         3
 Teleport Other           Tloc           0%         N/A       67%         3
 Irradiate                Conj/Tmut      0%         3d11      100%        5


Dungeon Overview and Level Annotations

Branches:
Dungeon (3/15)

Altars:


Message History

You are too injured to fight recklessly!
It was a potion of degeneration.
There was something very wrong with that liquid.
You feel weakened.
You feel dopey.
You feel clumsy. The orc hits you with a +0 club.
* * * LOW HITPOINT WARNING * * *
It was a potion of cancellation.
You feel magically purged. The orc barely misses you.
As you read the scroll of butterflies, it crumbles to dust.
You hear the flapping of tiny wings.
The orc is knocked back by the sudden gust. x2
You swap places.
The orc hits your butterfly with a +0 club.
Your butterfly dies!
Your butterfly disappears in a burst of colours!
You swap places.
The orc hits your butterfly with a +0 club.
Your butterfly dies!
Your butterfly disappears in a burst of colours!
You swap places.
The orc priest barely misses your butterfly.
You swap places.
Your butterfly disappears in a burst of colours!
The orc completely misses you.
The orc priest invokes the aid of Beogh against you.
Beogh smites you!
* * * LOW HITPOINT WARNING * * *
The orc attacks as it pursues you! The orc barely misses you.
The orc priest closely misses your butterfly.
The orc attacks as it pursues you! The orc misses you.
The orc attacks as it pursues you! The orc closely misses you.
There is a stone staircase leading up here.
The orc hits you but does no damage.
You climb upwards.
There is a stone staircase leading down here.
The orc attacks as it pursues you! The orc barely misses you.
The orc attacks as it pursues you! The orc hits you with a +0 club.
* * * LOW HITPOINT WARNING * * *
The orc attacks as it pursues you! The orc hits you with a +0 club.
You die...

###### #....# #.#.##
#.#.# ###### #.#.# #....#
#.#.#
#....######.#.######
######....##....>..#.....
#.......@o.#.###.#.......
#.########.............#.
#.#......###.#...#######.
#............#...........
###......##)##.....#...##
#......##.##.#.........
#########....##........
#########.#..........#.
#....................#.


You could see an orc.

Vanquished Creatures
  Jessica (D:2)
  An adder (D:2)
  2 worms (D:3)
  A dart slug (D:2)
  2 orcs (D:3)
  3 endoplasms
  3 giant cockroaches
  4 goblins
  5 hobgoblins
  6 jackals
  2 quokkas
  7 ball pythons
  5 bats
  10 kobolds
  8 rats
60 creatures vanquished.

Notes
Turn   | Place    | Note
-------+----------+-------------------------------------------
     0 | D:1      | BinkBink the Deep Elf Hunter began the quest for the Orb.
     0 | D:1      | Reached XP level 1. HP: 12/12 MP: 3/3
    92 | D:1      | Reached XP level 2. HP: 17/17 MP: 4/4
   504 | D:2      | Noticed Jessica
   508 | D:2      | Killed Jessica
   509 | D:2      | Reached skill level 6 in Ranged Weapons
   509 | D:2      | Reached XP level 3. HP: 21/21 MP: 5/5
   556 | D:2      | Found a faded altar of an unknown god.
   683 | D:2      | Reached XP level 4. HP: 26/26 MP: 6/6
  1093 | D:2      | Learned a level 2 spell: Wereblood
  1434 | D:3      | HP: 1/27 [orc priest/divine providence (12)]
  1449 | D:2      | Slain by an orc

Illustrated notes

Levels and vault maps discovered:
D:1:      ncdulo_wetmaze, layout_basic, chequers_mini_garden
D:2:      layout_basic, basic_ecumenical_altar, uniq_jessica
D:3:      layout_basic

Skill      XL: |  1  2 |
---------------+-------+-----
Fighting       | 2 |  2.3
Ranged Weapons | 6 |  6.7
Dodging        | 3 |  3.5
Stealth        | |  1.2
Spellcasting   | |  0.3
Transmutations | |  0.1

Action                     |  1- 3 |  4- 6 || total
---------------------------+-------+-------++-------
   Fire: Shortbow          |    97 |    64 ||   161
    Use: Potion            |       |     2 ||     2
         Scroll            |       |     1 ||     1
 Armour: Skin              |     3 |       ||     3
         Robe              |    12 |    10 ||    22
  Dodge: Dodged            |    32 |    16 ||    48

Table legend: (Time is in decaauts)
 A = Elapsed time spent in this place.
 B = Non-inter-level travel time spent in this place.
 C = Inter-level travel time spent in this place.
 D = Time resting spent in this place.
 E = Time spent auto-exploring this place.
 F = Levels seen in this place.
 G = Mean time per level.
                   A        B        C        D        E       F      G
               +--------+--------+--------+--------+--------+-----+--------+
         Total |   1470 |   1436 |     34 |      0 |   1115 |   3 |  490.0 |
       Dungeon |   1470 |   1436 |     34 |      0 |   1115 |   3 |  490.0 |
               +--------+--------+--------+--------+--------+-----+--------+

Top non-repeatable levels by time:
     D:2: 651 daAuts
     D:1: 474 daAuts
     D:3: 344 daAuts
